 Dungeon Crawl Stone Soup version 0.30-a0-54-g2e61a25929 (webtiles) character file.

Game seed: 16903627807759504158

60 IdlyInterested the Poker (level 3, 0/26 HPs)
             Began as a Demonspawn Wanderer on Sept 7, 2022.
             Slain by an adder (1 damage)
             ... on level 3 of the Dungeon.
             The game lasted 00:08:21 (2600 turns).

IdlyInterested the Poker (Demonspawn Wanderer)      Turns: 2600, Time: 00:08:22

Health: 0/26       AC:  3    Str: 13    XL:     3   Next: 80%
Magic:  2/6        EV: 11    Int: 14    God:
Gold:   81         SH:  5    Dex: 12    Spells: 5/6 levels left

rFire   . . .      SeeInvis .    a - +2 spear
rCold   . . .      Faith    .    (no shield)
rNeg    . . .      Spirit   .    g - +0 robe
rPois   .          Reflect  +    (no helmet)
rElec   .          Harm     .    (no cloak)
rCorr   .          Rampage  .    (no gloves)
Will    .....                    b - +0 pair of boots
Stlth   ++........               q - amulet of reflection
HPRegen 0.08/turn                (no ring)
MPRegen 0.10/turn                (no ring)

@: very slightly contaminated
A: powered by pain 1
a: no special abilities


You were on level 3 of the Dungeon.
You visited 1 branch of the dungeon, and saw 3 of its levels.

You collected 81 gold pieces.

Inventory:

Hand Weapons
 a - a +2 spear (weapon)
 f - a +2 dagger of freezing
 o - a +0 halberd
Missiles
 i - 4 poisoned darts
 j - 6 boomerangs
 l - 2 atropa-tipped darts
Armour
 b - a +0 pair of boots (worn)
 d - a +0 leather armour
 g - a +0 robe (worn)
 h - a +0 ring mail
 m - a +0 pair of boots
Jewellery
 q - an amulet of reflection (around neck)
Wands
 n - a wand of flame (19)
Scrolls
 k - 2 scrolls of teleportation
 p - a scroll of fog {unknown}
 r - a scroll of immolation {unknown}
Potions
 c - a potion of brilliance
 e - a potion of lignification {unknown}
 s - a potion of curing {unknown}


   Skills:
 + Level 1.4 Fighting
 * Level 3.4 Polearms
 - Level 1.0 Throwing
 - Level 1.0 Armour
 - Level 2.0 Stealth
 - Level 2.0 Spellcasting
 - Level 2.0 Fire Magic
 * Level 0.5 Evocations


You had 5 spell levels left.
You knew the following spells:

 Your Spells              Type           Power      Damage    Failure   Level
a - Foxfire               Conj/Fire      16%        2x1d4     16%         1

Your spell library contained the following spells:

 Spells                   Type           Power      Damage    Failure   Level
 Conjure Flame            Conj/Fire      4%         6-21      43%         3
 Dispersal                Tloc           0%         N/A       100%        6
 Disjunction              Tloc           0%         N/A       100%        8


Dungeon Overview and Level Annotations

Branches:
Dungeon (3/15)

Altars:

Annotations:
D:3 Terence


Innate Abilities, Weirdness & Mutations

You sometimes gain a little power by taking damage.


Message History

You conjure some foxfire!
You hit Terence.
Terence is lightly wounded.
The foxfire hits Terence but does no damage.
Terence is lightly wounded.
The foxfire hits Terence.
Terence is moderately wounded.
Terence hits you with a +0 hand axe.
Casting: Foxfire (safe; 16% risk of failure)
Press: ? - help, Q - select action, (/) - cycle Dir - look around, f - activate You miscast Foxfire.
You are very lightly contaminated with residual magic.
Nothing appears to happen.
Terence hits you with a +0 hand axe. The adder completely misses you.
Casting: Foxfire (safe; 16% risk of failure)
Press: ? - help, Q - select action, (/) - cycle Dir - look around, f - activate You conjure some foxfire!
The adder barely misses you. Terence closely misses you.
You hit Terence but do no damage.
Terence is moderately wounded.
The foxfire hits Terence but does no damage.
Terence is moderately wounded.
The foxfire hits Terence.
Terence is moderately wounded.
The adder bites you but does no damage. Terence hits you with a +0 hand axe!
Casting: Foxfire (safe; 16% risk of failure)
Press: ? - help, Q - select action, (/) - cycle Dir - look around, f - activate You conjure some foxfire!
The adder bites you. You block Terence's attack.
Terence hits your foxfire with a +0 hand axe.
The adder bites you.
You barely miss the adder.
The foxfire hits Terence.
Terence is heavily wounded.
The foxfire hits Terence but does no damage.
Terence is heavily wounded.
The adder barely misses you. Terence hits you with a +0 hand axe!
* * * LOW HITPOINT WARNING * * *
You miss the adder. The adder closely misses you. Terence barely misses you.
You closely miss the adder. The adder bites you.
You die...

#........ #.......#
#>......# #.......#
##. #.......# ....#.
#.......# .......
#.....S@# .....###
#......@###......
#.........#....#
######.........# .
.......(.....####..
......##............
......##..[.#......#
............#......#
............#......#
#...##...##......#


You could see Terence and an adder.

Vanquished Creatures
  An adder (D:2)
  A worm (D:2)
  A dart slug (D:1)
  5 ball pythons
  5 endoplasms
  5 giant cockroaches
  3 goblins (D:2)
  5 hobgoblins
  2 kobolds (D:1)
  A quokka (D:2)
  4 bats
  6 frilled lizards
  3 rats
  A spectral hobgoblin (D:2)
43 creatures vanquished.

Vanquished Creatures (others)
  51 foxfires
51 creatures vanquished.

Grand Total: 94 creatures vanquished

Notes
Turn   | Place    | Note
-------+----------+-------------------------------------------
     0 | D:1      | IdlyInterested the Demonspawn Wanderer began the quest for
                  | the Orb.
     0 | D:1      | IdlyInterested set off with the following items: a +2
                  | spear, a +0 pair of boots, a potion of brilliance, a +0
                  | leather armour; and the following spell memorised: Foxfire;
                  | and the following spells available to memorise: Conjure
                  | Flame.
     0 | D:1      | Reached XP level 1. HP: 13/13 MP: 3/3
   303 | D:1      | Gained mutation: You sometimes gain a little power by
                  | taking damage. [demonic ancestry]
   303 | D:1      | Reached XP level 2. HP: 20/20 MP: 1/5
   402 | D:1      | Reached skill level 3 in Polearms
   766 | D:1      | Reached skill level 1 in Fighting
  1413 | D:2      | Reached XP level 3. HP: 26/26 MP: 6/6
  1484 | D:2      | Found a faded altar of an unknown god.
  1730 | D:2      | Reached skill level 1 in Armour
  2586 | D:3      | Noticed Terence
  2598 | D:3      | HP: 1/26 [Terence/+0 hand axe (8)]
  2600 | D:3      | Slain by an adder

Illustrated notes

Levels and vault maps discovered:
D:1:      amcnicky_arrival_wind_blow, layout_basic
D:2:      layout_loops_corners, dreamdust_ecumenical_altar_drowned_temple,
          minivault_27, chequers_serial_rivers_room_b,
          chequers_serial_rivers_room_a
D:3:      mumra_celtic_spiral_tile, layout_basic, slow_altar_1, uniq_terence

Skill      XL: |  1  2  3 |
---------------+----------+-----
Fire Magic     | 2 |  2.0
Polearms       | 3 |  3.4
Stealth        | 2 |  2.0
Fighting       | 1 |  1.4
Armour         | 1 |  1.0
Throwing       | |  1.0
Spellcasting   | |  2.0
Evocations     | |  0.5

Action                   || total
-------------------------++-------
Melee: Spear             ||    72
 Cast: Foxfire           ||    28
  Use: Scroll            ||     3
 Stab: Sleeping          ||     8
Armor: Robe              ||     6
Dodge: Dodged            ||    27
Block: Other             ||     1

Table legend: (Time is in decaauts)
 A = Elapsed time spent in this place.
 B = Non-inter-level travel time spent in this place.
 C = Inter-level travel time spent in this place.
 D = Time resting spent in this place.
 E = Time spent auto-exploring this place.
 F = Levels seen in this place.
 G = Mean time per level.
                   A        B        C        D        E       F      G
               +--------+--------+--------+--------+--------+-----+--------+
         Total |   2605 |   2374 |    231 |    582 |   1374 |   3 |  868.3 |
       Dungeon |   2605 |   2374 |    231 |    582 |   1374 |   3 |  868.3 |
               +--------+--------+--------+--------+--------+-----+--------+

Top non-repeatable levels by time:
     D:1: 1341 daAuts
     D:2: 1233 daAuts
     D:3: 30 daAuts
